 Dungeon Crawl Stone Soup version 0.29.0-4-gdea44cf6ec (webtiles) character file.

Game seed: 3907638314182500570

219 qw the Chopper (level 5, 0/41 HPs)
             Began as a Demonspawn Cinder Acolyte on Sept 9, 2022.
             Was a High Priest of Ignis.
             Slain by a hound (3 damage)
             ... on level 4 of the Dungeon.
             The game lasted 00:01:20 (4003 turns).

qw the Chopper (Demonspawn Cinder Acolyte)          Turns: 4003, Time: 00:01:21

Health: 0/41       AC:  7    Str: 15 (16) XL:     5   Next: 63%
Magic:  6/6        EV: 11    Int: 13 (16) God:    Ignis [*****.]
Gold:   127        SH:  0    Dex: 13 (14) Spells: 6/6 levels left

rFire   + . .      SeeInvis .   Y - +0 hand axe (flame)
rCold   . . .      Faith    .   (no shield)
rNeg    . . .      Spirit   .   j - +0 ring mail
rPois   .          Reflect  .   (no helmet)
rElec   .          Harm     .   (no cloak)
rCorr   .          Rampage  .   (no gloves)
Will    .....                   b - +0 pair of boots
Stlth   +.........              (no amulet)
HPRegen 0.13/turn               e - +6 ring of dexterity
MPRegen 0.10/turn               (no ring)

@: no status effects
A: foul stench 1, sharp scales 1, demonic magic 1
a: Renounce Religion, Fiery Armour, Foxfire Swarm, Rising Flame


You were on level 4 of the Dungeon.
You worshipped Ignis.
Ignis was extremely pleased with you.
You visited 1 branch of the dungeon, and saw 4 of its levels.

You collected 127 gold pieces.


Innate Abilities, Weirdness & Mutations

You may rarely emit foul miasma when damaged in melee.
You are partially covered in razor-sharp scales. (AC +1, Slay +1)
Spells you cast may paralyse adjacent enemies.


   Skills:
 - Level 3.0 Fighting
 + Level 5.1 Axes
 - Level 1.0 Armour
 - Level 2.1 Dodging
 - Level 1.0 Spellcasting
 - Level 2.6 Fire Magic


You had 6 spell levels left.
You didn't know any spells.
Your spell library contained the following spells:

 Spells                   Type           Power      Damage    Failure   Level
 Scorch                   Fire           14%        2d6       28%         2

Inventory:

Hand Weapons
 Y - a +0 hand axe of flaming (weapon)
Armour
 b - a +0 pair of boots (worn)
 j - a +0 ring mail (worn)
Jewellery
 e - a +6 ring of dexterity (left hand)
Scrolls
 d - a scroll of identify
 l - a scroll of teleportation
Potions
 f - a potion of invisibility {unknown}
 h - a potion of resistance {unknown}
 i - a potion of might {unknown}
 k - a potion of ambrosia {unknown}
 n - a potion of attraction {unknown}

Dungeon Overview and Level Annotations

Branches:
Dungeon (4/15)
 Temple: D:4-7

Altars:
Cheibriados
Dithmenos
Nemelex Xobeh
Qazlal
Trog

Annotations:
D:3 3 runed translucent doors, qw's ghost, weakling DsCA
D:4 Ijyb


Message History

You now have 127 gold pieces (gained 12).
Ijyb the Twisted Goblin comes into view.
She is wielding a +0 club and carrying a wand of light (8).
Ijyb shouts!
Ijyb moves out of view.
A ball python and a hobgoblin come into view.
The ball python hisses angrily.
The hobgoblin shouts!
A ball python comes into view.
3993 ||| Stepping ~*~*~tactically~*~*~ (hiding).
A hound comes into view.
You completely miss Ijyb. Ijyb misses you. The ball python misses you.
The ball python grabs you. The ball python constricts you.
You hit the ball python. You burn the ball python.
You kill the ball python!
You closely miss Ijyb. You hit the hobgoblin. You burn the hobgoblin.
You kill the hobgoblin!
Ijyb zaps a wand.
The bolt of light hits you!
You are confused.
3999 ||| DRINKING potion of curing.
You feel better.
3999 ||| (to cure confusion)
The ball python bites you but does no damage.
The ball python grabs you. The ball python constricts you.
Ijyb hits you but does no damage. The ball python barely misses you.
The ball python constricts you.
You hit the ball python. You burn the ball python.
You kill the ball python!
You barely miss Ijyb.
Ijyb zaps a wand.
The bolt of light hits you!
You are confused.
You're too confused to move!
The hound bites you. The hound closely misses you. Ijyb closely misses you.
You bump into the rock wall.
The hound bites you but does no damage. Ijyb barely misses you.
You hit Ijyb. You burn Ijyb.
Ijyb is lightly wounded.
You barely miss the hound.
You feel less confused. The hound closely misses you.
Ijyb zaps a wand.
The bolt of light hits you! The hound bites you.
You die...

########## #....#...#
#.##.#.#.##### #
.............. ..
####.#.###.### ...
.###.....#.#####.P ....
.................. .....
.#...#.#...#######......
.#..............@g......
.................h......
........................
........................
........................
........................
.......)................
........................
.......................


You could see Ijyb and a hound.

Vanquished Creatures
  A scorpion (D:3)
  Jessica (D:3)
  An orc wizard (D:3)
  3 adders
  A worm (D:4)
  A dart slug (D:2)
  3 orcs
  7 bats
  6 endoplasms
  4 giant cockroaches
  A goblin (D:1)
  6 hobgoblins
  2 jackals (D:1)
  10 kobolds
  A quokka (D:2)
  7 ball pythons
  10 frilled lizards
  7 rats
72 creatures vanquished.

Vanquished Creatures (others)
  6 plants (D:2)
6 creatures vanquished.

Grand Total: 78 creatures vanquished

Notes
Turn   | Place    | Note
-------+----------+-------------------------------------------
     0 | D:1      | qw the Demonspawn Cinder Acolyte began the quest for the
                  | Orb.
     0 | D:1      | Reached XP level 1. HP: 18/18 MP: 2/2
     0 | D:1      | 0 ||| qw: Version: 0.1-a-113-g051387a
     0 | D:1      | 0 ||| qw: Game counter: 7233
     0 | D:1      | 0 ||| qw: Always use a shield: true
     0 | D:1      | 0 ||| qw: God list: Okawaru
     0 | D:1      | 0 ||| qw: Allow faded altars: false
     0 | D:1      | 0 ||| qw: Do Orc after D:15 true
     0 | D:1      | 0 ||| qw: Do second Lair branch before Depths: true
     0 | D:1      | 0 ||| qw: Lair rune preference: random
     0 | D:1      | 0 ||| qw: Plans: Normal
     0 | D:1      | 0 ||| PLANNING D:1-11
   245 | D:1      | Reached skill level 3 in Axes
   463 | D:1      | Gained mutation: You may rarely emit foul miasma when
                  | damaged in melee. [demonic ancestry]
   463 | D:1      | Reached XP level 2. HP: 24/24 MP: 3/3
   608 | D:1      | 608 ||| INVOKING Fiery Armour.
  1278 | D:1      | 1278 ||| DROPPING scarf of harm.
  1279 | D:1      | 1279 ||| UPGRADING to +0 ring mail.
  1289 | D:1      | 1289 ||| DROPPING +0 robe.
  1290 | D:1      | 1290 ||| DROPPING ring of magical power.
  1291 | D:1      | 1291 ||| READING scroll labelled LOYSCHY QOCOEFIH.
  1292 | D:1      | 1292 ||| READING scroll labelled NIQ QUGOJIWUHA.
  1296 | D:1      | 1296 ||| READING scroll labelled BEQYT ZOGEFO.
  1297 | D:1      | 1297 ||| READING scroll labelled GIJUON KEMAHEO.
  1298 | D:1      | 1298 ||| READING scroll labelled QEEXAM XAGI.
  1414 | D:2      | 1414 ||| Stepping ~*~*~tactically~*~*~ (stealth).
  1425 | D:2      | Gained mutation: You are partially covered in razor-sharp
                  | scales. (AC +1, Slay +1) [demonic ancestry]
  1425 | D:2      | Reached XP level 3. HP: 21/29 MP: 4/4
  1427 | D:2      | 1427 ||| FLEEEEING.
  1428 | D:2      | 1428 ||| FLEEEEING.
  1429 | D:2      | 1429 ||| FLEEEEING.
  1430 | D:2      | 1430 ||| STAIRDANCE
  1512 | D:2      | 1512 ||| STAIRDANCE
  1678 | D:2      | 1678 ||| Stepping ~*~*~tactically~*~*~ (stealth).
  1679 | D:2      | 1679 ||| Stepping ~*~*~tactically~*~*~ (stealth).
  1689 | D:2      | 1689 ||| Stepping ~*~*~tactically~*~*~ (stealth).
  1691 | D:2      | 1691 ||| Stepping ~*~*~tactically~*~*~ (stealth).
  1693 | D:2      | 1693 ||| Stepping ~*~*~tactically~*~*~ (stealth).
  1695 | D:2      | Reached skill level 4 in Axes
  1858 | D:2      | 1858 ||| Stepping ~*~*~tactically~*~*~ (hiding).
  2013 | D:2      | Found a faded altar of an unknown god.
  2144 | D:2      | Found a shadowy altar of Dithmenos.
  2147 | D:2      | 2147 ||| Stepping ~*~*~tactically~*~*~ (stealth).
  2148 | D:2      | 2148 ||| Stepping ~*~*~tactically~*~*~ (stealth).
  2344 | D:2      | Reached XP level 4. HP: 33/35 MP: 5/5
  2628 | D:2      | 2628 ||| UPGRADING to +0 pair of boots.
  2633 | D:2      | 2633 ||| UPGRADING to +6 ring of dexterity.
  2634 | D:2      | 2634 ||| READING scroll labelled LIEVOPNIMAU.
  2816 | D:3      | Noticed a scorpion
  2827 | D:3      | Killed a scorpion
  2905 | D:3      | Found a bloodstained altar of Trog.
  2909 | D:3      | Found a stormy altar of Qazlal.
  2910 | D:3      | Noticed Jessica
  2911 | D:3      | 2911 ||| Stepping ~*~*~tactically~*~*~ (hiding).
  2912 | D:3      | 2912 ||| Stepping ~*~*~tactically~*~*~ (hiding).
  2920 | D:3      | Gained mutation: Spells you cast may paralyse adjacent
                  | enemies. [demonic ancestry]
  2920 | D:3      | Reached XP level 5. HP: 41/41 MP: 6/6
  2925 | D:3      | Killed Jessica
  2928 | D:3      | Found a sparkling altar of Nemelex Xobeh.
  2928 | D:3      | Found a snail-covered altar of Cheibriados.
  3174 | D:3      | Reached skill level 5 in Axes
  3177 | D:3      | 3177 ||| FLEEEEING.
  3178 | D:3      | 3178 ||| FLEEEEING.
  3179 | D:3      | 3179 ||| FLEEEEING.
  3181 | D:3      | 3181 ||| FLEEEEING.
  3182 | D:3      | 3182 ||| FLEEEEING.
  3183 | D:3      | 3183 ||| FLEEEEING.
  3186 | D:3      | 3186 ||| FLEEEEING.
  3187 | D:3      | 3187 ||| FLEEEEING.
  3188 | D:3      | 3188 ||| FLEEEEING.
  3189 | D:3      | 3189 ||| FLEEEEING.
  3190 | D:3      | 3190 ||| FLEEEEING.
  3191 | D:3      | 3191 ||| FLEEEEING.
  3192 | D:3      | 3192 ||| FLEEEEING.
  3193 | D:3      | 3193 ||| FLEEEEING.
  3194 | D:3      | 3194 ||| FLEEEEING.
  3195 | D:3      | 3195 ||| FLEEEEING.
  3196 | D:3      | 3196 ||| FLEEEEING.
  3197 | D:3      | 3197 ||| FLEEEEING.
  3198 | D:3      | 3198 ||| FLEEEEING.
  3199 | D:3      | 3199 ||| FLEEEEING.
  3200 | D:3      | 3200 ||| FLEEEEING.
  3201 | D:3      | 3201 ||| FLEEEEING.
  3202 | D:3      | 3202 ||| FLEEEEING.
  3203 | D:3      | 3203 ||| FLEEEEING.
  3204 | D:3      | 3204 ||| FLEEEEING.
  3205 | D:3      | 3205 ||| FLEEEEING.
  3206 | D:3      | 3206 ||| FLEEEEING.
  3207 | D:3      | 3207 ||| FLEEEEING.
  3208 | D:3      | 3208 ||| FLEEEEING.
  3209 | D:3      | 3209 ||| FLEEEEING.
  3211 | D:3      | 3211 ||| FLEEEEING.
  3212 | D:3      | 3212 ||| FLEEEEING.
  3213 | D:3      | 3213 ||| STAIRDANCE
  3248 | D:2      | 3248 ||| DRINKING 2 metallic golden potions.
  3249 | D:2      | 3249 ||| DRINKING 2 bubbling golden potions.
  3250 | D:2      | 3250 ||| READING 3 scrolls of identify.
  3250 | D:2      | 3250 ||| IDENTIFYING bubbling orange potion
  3251 | D:2      | 3251 ||| READING 2 scrolls of identify.
  3251 | D:2      | 3251 ||| IDENTIFYING viscous yellow potion
  3252 | D:2      | 3252 ||| DROPPING potion of berserk rage.
  3253 | D:2      | 3253 ||| DROPPING potion of degeneration.
  3254 | D:2      | 3254 ||| DROPPING potion of brilliance.
  3257 | D:3      | 3257 ||| STAIRDANCE
  3265 | D:3      | 3265 ||| STAIRDANCE
  3527 | D:3      | Found a runed translucent gate.
  3527 | D:3      | Found a runed translucent gate.
  3528 | D:3      | Found a runed translucent gate.
  3529 | D:3      | Noticed qw's ghost (weakling DsCA)
  3532 | D:3      | Identified the +8 dagger of Zuhacusi {freeze, rPois rF+
                  | Dex-4 SInv}
  3532 | D:3      | Identified the +5 chain mail "Licasch" {*Slow Int+6 SInv}
  3915 | D:3      | 3915 ||| READING scroll labelled JENTIA LEHI.
  3979 | D:4      | Reached skill level 1 in Armour
  3991 | D:4      | Noticed Ijyb
  3993 | D:4      | 3993 ||| Stepping ~*~*~tactically~*~*~ (hiding).
  3999 | D:4      | 3999 ||| DRINKING potion of curing.
  3999 | D:4      | 3999 ||| (to cure confusion)
  4003 | D:4      | HP: 3/41 [Ijyb/bolt of light (16)]
  4003 | D:4      | Slain by a hound

Levels and vault maps discovered:
D:1:      saegor_arrival_simple_b, layout_basic, chequers_serial_rivers_large_b,
          minivault_26, minmay_splitting_lines
D:2:      layout_loops_corners, basic_altar, basic_ecumenical_altar,
          lexackson_kobold_supper
D:3:      layout_basic, grunt_temple_overflow_open, biasface_ghost_orc_armoury,
          kennysheep_generic_room_10, uniq_jessica
D:4:      layout_basic, yredelemnul_altar_generic, minmay_temple_entry_mist,
          serial_shops, shop_fountains, uniq_ijyb, uniq_menkaure

Skill      XL: |  1  2  3  4  5 |
---------------+----------------+-----
Axes           | 3 4 5 |  5.1
Dodging        | 2 |  2.1
Armour         | 1 |  1.0
Fighting       | |  3.0
Spellcasting   | |  1.0
Fire Magic     | |  2.6

Action                   |  1- 3 |  4- 6 || total
-------------------------+-------+-------++-------
Melee: Hand axe          |   145 |    62 ||   207
Invok: Fiery Armour      |     1 |       ||     1
  Use: Scroll            |     5 |     4 ||     9
       Potion            |       |     3 ||     3
Armor: Robe              |    13 |       ||    13
       Ring mail         |    27 |    21 ||    48
Dodge: Dodged            |    80 |    38 ||   118

Table legend:
 A = Non-vault XP
 B = Vault XP
 C = Vault XP percentage of total XP
 D = Non-vault monster count
 E = Vault monster count
 F = Vault count percentage of total count
                 A         B        C        D         E       F
            +---------+---------+-------+---------+---------+-------
      Total |     249 |      64 |  20.4 |      61 |      11 |  15.3
            +---------+---------+-------+---------+---------+-------
        D:1 |      31 |       0 |   0.0 |      20 |       0 |   0.0
        D:2 |      70 |      11 |  13.6 |      26 |       8 |  23.5
        D:3 |     134 |      53 |  28.3 |       9 |       3 |  25.0
        D:4 |      14 |       0 |   0.0 |       6 |       0 |   0.0
            +---------+---------+-------+---------+---------+-------
